 Dungeon Crawl Stone Soup version 0.26.0-10-g1f06aea511 (webtiles) character file.

Game seed: 813928146163025769

889 MajorAdolf the Skirmisher (level 8, 0/73 HPs)
             Began as a Naga Wanderer on Jan 17, 2021.
             Slain by a black bear (2 damage)
             ... on level 5 of the Dungeon.
             The game lasted 00:06:21 (5756 turns).

MajorAdolf the Skirmisher (Naga Wanderer)           Turns: 5756, Time: 00:06:21

Health: 0/73       AC:  7    Str: 14    XL:     8   Next: 6%
Magic:  8/8        EV:  9    Int: 16    God:
Gold:   239        SH:  4    Dex: 10    Spells: 7/7 levels left

rFire    . . .     SeeInvis +   d - +2 dagger (venom)
rCold    . . .     Faith    .   r - +0 buckler
rNeg     . . .     Spirit   .   c - +0 ring mail
rPois    +         Reflect  .   (no helmet)
rElec    .         Harm     .   (no cloak)
rCorr    .         Rampage  .   k - +0 pair of gloves
Will     +....                  (no barding)
Stlth    +.........             (no amulet)
HPRegen  0.22/turn              (no ring)
MPRegen  0.11/turn              (no ring)

@: very slow
A: large, see invisible, deformed body, poison resistance, slowness 2, spit
poison 1, AC +2
a: Spit Poison


You were on level 5 of the Dungeon.
You visited 1 branch of the dungeon, and saw 5 of its levels.

You collected 239 gold pieces.

Inventory:

Hand Weapons
 a - a +2 hand crossbow
 d - a +2 dagger of venom (weapon)
 e - a +0 dagger
 t - a +2 dagger of electrocution
 v - a +2 short sword of holy wrath
 w - a +0 hand axe
Missiles
 b - 71 bolts
Armour
 c - a +0 ring mail (worn)
 k - a +0 pair of gloves (worn)
 q - a +0 chain mail
 r - a +0 buckler (worn)
Jewellery
 i - an uncursed ring of magical power {unknown}
 x - an uncursed amulet of magic regeneration {unknown}
Scrolls
 f - 5 scrolls of remove curse
 l - a scroll of teleportation
 n - a scroll of blinking {unknown}
 o - 2 scrolls of magic mapping {unknown}
 p - 7 scrolls of identify {unknown}
 s - a scroll of amnesia {unknown}
 u - a scroll of random uselessness {unknown}
Potions
 h - a potion of berserk rage {unknown}
 j - a potion of invisibility {unknown}
 m - a potion of attraction


   Skills:
 + Level 4.6 Fighting
 + Level 2.9 Axes
 - Level 1.7 Bows
 - Level 1.7 Crossbows
 + Level 3.7 Armour
 + Level 3.3 Dodging
 - Level 3.0 Stealth
 + Level 2.8 Shields


You had 7 spell levels left.
You didn't know any spells.
Your spell library was empty.

Dungeon Overview and Level Annotations

Branches:
Dungeon (5/15)
 Temple: D:4-7

Altars:
Cheibriados
Makhleb
Okawaru
Ru
Uskayaw
Wu Jian
Zin

Portals:
Abyss: D:3

Annotations:
D:3 1 transporter, MajorAdolf's ghost, amateur NaWn


Innate Abilities, Weirdness & Mutations

You cannot wear boots.
Your serpentine skin is tough. (AC +2)
You have supernaturally acute eyesight. (SInv)
Armour fits poorly on your strangely shaped body.
Your system is resistant to poisons. (rPois)
You cover ground very slowly.
You can spit poison.


Message History

* * * LOW HITPOINT WARNING * * *
The black bear claws you.
* * * LOW HITPOINT WARNING * * *
The black bear bites you.
* * * LOW HITPOINT WARNING * * *
The black bear claws you but does no damage.
The black bear claws you.
* * * LOW HITPOINT WARNING * * *
Unknown command.
You feel better. You block the black bear's attack.
The black bear barely misses you.
The black bear claws you but does no damage.
Unknown command.
You have got your breath back.
The adder bites you.
* * * LOW HITPOINT WARNING * * *
The black bear bites you.
* * * LOW HITPOINT WARNING * * *
The black bear claws you.
You die...

..........)................(#
...............###..........#
...............###...........
###.....###....#.#......##..
##...## ##....##.....####.
#...## #.....[.<...# ##
##...####..#......... #<
.##..#..#......[...... ##
#...#..#h@..............
#.##.#..#S.###.....# #
##.....## #.....#
##....###.>....
###..........#
>.............##
#.$###..........##. ..
#.............. .
.................


You could see a black bear (berserk, very poisoned) and an adder.

Vanquished Creatures
  Duvessa (D:4)
  A sky beast (D:4)
  A black bear (D:4)
  A big kobold (D:3)
  Blork the orc (D:4)
  Dowan (D:4)
  A quasit (D:3)
  4 orc wizards
  2 iguanas (D:4)
  A worker ant (D:4)
  A hound skeleton (D:4)
  2 gnolls (D:3)
  3 adders
  A shadow imp (D:3)
  An ooze (D:1)
  2 worms
  3 dart slugs
  6 leopard geckos
  12 orcs
  10 bats
  3 giant cockroaches
  11 goblins
  8 hobgoblins
  4 jackals (D:4)
  2 quokkas (D:3)
  5 frilled lizards
  10 kobolds
  5 rats
103 creatures vanquished.

Vanquished Creatures (others)
  An orc wizard (D:3)
  2 plants (D:1)
3 creatures vanquished.

Grand Total: 106 creatures vanquished

Notes
Turn   | Place    | Note
-------+----------+-------------------------------------------
     0 | D:1      | MajorAdolf the Naga Wanderer began the quest for the Orb.
     0 | D:1      | MajorAdolf set off with the following items: a +2 hand
                  | crossbow, 27 bolts, a +0 ring mail, a potion of
                  | lignification, a +0 dagger
     0 | D:1      | Reached XP level 1. HP: 19/19 MP: 1/1
    21 | D:1      | Reached XP level 2. HP: 10/26 MP: 2/2
   557 | D:1      | Reached skill level 1 in Dodging
   558 | D:1      | Reached XP level 3. HP: 30/33 MP: 3/3
  1151 | D:2      | Found a sacrificial altar of Ru.
  1285 | D:2      | Found an ornate altar of the Wu Jian Council.
  1305 | D:2      | Found a glowing silver altar of Zin.
  1397 | D:3      | Reached XP level 4. HP: 40/40 MP: 4/4
  1543 | D:3      | Reached skill level 3 in Fighting
  1661 | D:3      | HP: 1/63 [orc wizard/puff of frost (4)]
  1663 | D:3      | Reached skill level 1 in Shields
  1663 | D:3      | Reached XP level 5. HP: 1/49 MP: 5/5
  2074 | D:3      | Found a burning altar of Makhleb.
  2173 | D:3      | Found a one-way gate to the infinite horrors of the Abyss.
  2173 | D:3      | Noticed MajorAdolf's ghost (amateur NaWn)
  2604 | D:3      | Noticed a small abomination
  2618 | D:3      | Found a transporter.
  2632 | D:3      | Noticed a big kobold
  2633 | D:3      | Found a transporter.
  2659 | D:3      | Found an iron altar of Okawaru.
  2913 | D:3      | Killed a big kobold
  2914 | D:3      | Reached skill level 1 in Axes
  2914 | D:3      | Reached XP level 6. HP: 5/56 MP: 6/6
  2915 | D:3      | HP: 4/84 [poisoned by a big kobold]
  2919 | D:3      | HP: 1/84 [poisoned by a big kobold]
  3679 | D:4      | Noticed a black bear
  3690 | D:4      | Killed a black bear
  3691 | D:4      | Reached skill level 4 in Fighting
  3691 | D:4      | Reached XP level 7. HP: 35/64 MP: 7/7
  4558 | D:4      | Noticed Dowan
  4852 | D:4      | Noticed Duvessa
  4864 | D:4      | Killed Duvessa
  4887 | D:4      | Killed Dowan
  5195 | D:4      | Found a snail-covered altar of Cheibriados.
  5195 | D:4      | Found a hide-covered altar of Uskayaw.
  5234 | D:4      | Noticed Blork the orc
  5254 | D:4      | Killed Blork the orc
  5255 | D:4      | Reached XP level 8. HP: 57/73 MP: 8/8
  5651 | D:5      | Entered Level 5 of the Dungeon
  5754 | D:5      | HP: 2/73 [black bear (2)]
  5756 | D:5      | Slain by a black bear

Illustrated notes

Levels and vault maps discovered:
D:1:      minmay_arrival_plants_in_alcoves, layout_rooms, minmay_misc_feat_doors
D:2:      layout_loops_ring, zin_statuary, nzn_wu_jian_council_hall,
          corexii_corridor_pit, hex_medium, nicolae_ru_the_path_less_chosen
D:3:      layout_basic, okawaru_altar_gauntlet_db, marbit_many_paths,
          gammafunk_ghost_abyssal_escape
D:4:      black_bear_nest_1, layout_gridville, gammafunk_temple_overflow_statue,
          uniq_blork_the_orc, uniq_duvessa
D:5:      layout_layer_cave

Skill      XL: |  1  2  3  4  5  6  7 |
---------------+----------------------+-----
Armour         | 2 3 |  3.7
Dodging        | 1 2 3 |  3.3
Fighting       | 3 4 |  4.6
Shields        | 1 2 |  2.8
Axes           | 1 2 |  2.9
Bows           | |  1.7
Crossbows      | |  1.7
Stealth        | |  3.0

Action                   |  1- 3 |  4- 6 |  7- 9 || total
-------------------------+-------+-------+-------++-------
Melee: Dagger            |       |   114 |   124 ||   238
 Fire: Hand crossbow     |    86 |    39 |       ||   125
 Abil: Spit Poison       |     2 |     3 |     2 ||     7
  Use: Potion            |       |    11 |     2 ||    13
       Scroll            |       |     4 |       ||     4
 Stab: Sleeping          |       |     1 |     1 ||     2
Armor: Ring mail         |    28 |    42 |    56 ||   126
       Skin              |       |    64 |       ||    64
Dodge: Dodged            |    21 |    41 |    73 ||   135
Block: Buckler           |       |    22 |    21 ||    43
